 Dungeon Crawl Stone Soup version 0.29-a0-234-g0dae59b3db (webtiles) character file.

Game seed: 11785688008709169226

25687 sanka the Cleaver (level 13, -11/104 HPs)
             Began as a Gnoll Berserker on Mar 2, 2022.
             Was a High Priest of Trog.
             Mangled by a death yak (25 damage)
             ... on level 2 of the Lair of Beasts.
             The game lasted 00:28:13 (15668 turns).

sanka the Cleaver (Gnoll Berserker)                Turns: 15668, Time: 00:28:14

Health: -11/104    AC: 11    Str: 17    XL:     13   Next: 21%
Magic:  25/25      EV: 22    Int:  7    God:    Trog [*****.]
Gold:   580        SH:  0    Dex: 20    Spells: 28/28 levels left

rFire   + . .      SeeInvis .   a - +5 halberd
rCold   x . .      Faith    .   (shield currently unavailable)
rNeg    . . .      Spirit   .   U - +2 troll leather armour {Snorg}
rPois   .          Reflect  .   n - +0 helmet
rElec   .          Harm     .   f - +0 cloak
rCorr   .          Rampage  .   (no gloves)
Will    .....                   q - +0 pair of boots
Stlth   ++++......              (no amulet)
HPRegen 1.07/turn               H - ring of Rempank {Fire Dex+4}
MPRegen 0.19/turn               J - +4 ring of evasion

@: on berserk cooldown, slowed, very slow
A: fangs 1, strong nose, distributed training
a: Renounce Religion, Berserk, Trog's Hand, Brothers in Arms


You were on level 2 of the Lair of Beasts.
You worshipped Trog.
Trog was extremely pleased with you.
You visited 2 branches of the dungeon, and saw 13 of its levels.
You also visited: Ossuary and Bailey.

You collected 940 gold pieces.
You spent 360 gold pieces at shops.


Innate Abilities, Weirdness & Mutations

You have very sharp teeth.
Your uncanny sense of smell can sniff out nearby items.
Your experience applies equally to all skills.


   Skills:
 + Level 10.4 Fighting
 + Level 8.1 Short Blades
 + Level 8.1 Long Blades
 + Level 10.4 Axes
 + Level 8.1 Maces & Flails
 + Level 8.1 Polearms
 + Level 8.1 Staves
 + Level 8.1 Slings
 + Level 8.1 Bows
 + Level 8.1 Crossbows
 + Level 8.1 Throwing
 + Level 9.3 Armour
 + Level 9.3 Dodging
 + Level 8.1 Stealth
 + Level 8.1 Shields
 + Level 8.1 Unarmed Combat
 + Level 8.1 Spellcasting
 + Level 6.7 Conjurations
 + Level 6.7 Hexes
 + Level 6.7 Summonings
 + Level 6.7 Necromancy
 + Level 6.7 Translocations
 + Level 6.7 Transmutations
 + Level 6.7 Fire Magic
 + Level 6.7 Ice Magic
 + Level 6.7 Air Magic
 + Level 6.7 Earth Magic
 + Level 6.7 Poison Magic
 + Level 8.8 Invocations
 + Level 8.1 Evocations


You had 28 spell levels left.
You didn't know any spells.
Your spell library contained the following spells:

 Spells                   Type           Power      Damage    Failure   Level
 Magic Dart               Conj           48%        1d5       1%          1
 Call Imp                 Summ           12%        N/A       2%          2
 Mephitic Cloud           Conj/Pois/Air  12%        N/A       4%          3

Inventory:

Hand Weapons
 a - a +5 halberd (weapon)
 b - the +9 whip of Otut {flame, rN+ SInv}

   It burns those it strikes, dealing additional fire damage.
   rN:        It protects you from negative energy.
   SInv:      It lets you see invisible.
 v - a +3 battleaxe
 F - a +0 war axe
 I - a +4 quarterstaff of chaos
Missiles
 r - 5 curare-tipped darts {=f}
 s - 28 poisoned darts (quivered)
 P - 13 boomerangs
Armour
 f - a +0 cloak (worn)
 n - a +0 helmet (worn)
 q - a +0 pair of boots (worn)
 G - +0 acid dragon scales
 U - a +2 troll leather armour (worn) {Snorg}
Jewellery
 d - a ring of poison resistance
 H - the ring of Rempank (left hand) {Fire Dex+4}

   [ring of fire]

   It enhances your fire magic.
   Dex:       It affects your dexterity (+4).
   rF:        It protects you from fire.
   rC:        It makes you vulnerable to cold.
 J - a +4 ring of evasion (right hand)
 N - a ring of resist corrosion
 Q - a ring of protection from fire
 W - a ring of protection from cold
Wands
 o - a wand of flame (35)
 E - a wand of digging (6)
 O - a wand of iceblast (9)
 V - a wand of polymorph (2)
 X - a wand of paralysis (4)
Scrolls
 c - 4 scrolls of fear
 i - 3 scrolls of blinking
 k - 6 scrolls of teleportation {@r4}
 l - 6 scrolls of enchant weapon
 u - 4 scrolls of enchant armour
 x - 2 scrolls of immolation {!r}
 y - a scroll of summoning
 A - a scroll of identify {@r1}
 B - 4 scrolls of magic mapping
 K - 2 scrolls of brand weapon
 L - 5 scrolls of vulnerability {!r}
 R - a scroll of fog
 T - a scroll of acquirement
Potions
 e - 3 potions of haste {unknown}
 g - 4 potions of flight
 h - 8 potions of heal wounds {@q2}
 j - a potion of attraction {unknown}
 m - 6 potions of mutation {unknown}
 p - 2 potions of lignification {unknown}
 t - 2 potions of invisibility
 w - 5 potions of curing {@q1}
 z - a potion of brilliance {unknown}
 C - a potion of cancellation {unknown}
 D - 6 potions of might
 M - 4 potions of berserk rage {!q}
Miscellaneous
 S - a phantom mirror

Dungeon Overview and Level Annotations

Branches:
Dungeon (11/15)            Temple (0/1) D:4            Lair (2/6) D:10
    Orc (0/2) D:9         Ossuary (visited)          Bailey (visited)
  Swamp: Lair:2-4    Shoals: Lair:2-4     Snake: Lair:2-4    Spider: Lair:2-4

Altars:
Ashenzari
Dithmenos
Elyvilon
Fedhas
Gozag
Hepliaklqana
Kikubaaqudgha
Okawaru
The Shining One
Jiyva

Shops:
D:1 [ D:9

! ▒ ▒▒.▒▒ ▒
▒..▒ ▒^. ▒
▒▒.▒▒ ▒..
▒f.▒ ▒.▒
▒..▒ ▒.. ▒
▒▒.▒▒ ..▒ ▒
▒.f▒ ▒.▒ ▒
▒.▒▒ ▒▒▒Y▒ ▒
▒▒.f▒ ▒.▒g▒
▒▒▒▒▒..▒▒
▒..▒
.▒.▒▒▒.▒▒
▒▒.▒
...▒▒▒..▒
▒.▒▒
....▒▒.▒▒
▒..▒
.......▒
▒▒.▒▒
........▒
▒..P▒
........▒
▒▒..▒
........▒▒▒▒
▒..▒▒


You could see a death yak.


Message History

Unknown command.
You completely miss the death yak.
The death yak is heavily wounded.
The death yak barely misses you. The death yak barely misses you.
Unknown command.
You puncture the death yak!
The death yak is severely wounded.
The death yak gores you.
You hit the death yak.
The death yak is severely wounded.
The death yak gores you!
* * * LOW HITPOINT WARNING * * *
The death yak gores you!
* * * LOW HITPOINT WARNING * * *
You hit the death yak but do no damage.
You bite the death yak, but do no damage.
The death yak is severely wounded.
The death yak gores you!
* * * LOW HITPOINT WARNING * * *
The death yak barely misses you.
You slash the death yak!
The death yak is severely wounded.
The death yak gores you!
* * * LOW HITPOINT WARNING * * *
Unknown command.
You slash the death yak!
The death yak is almost dead.
The death yak gores you!!
You die...

Action                   |  1- 3 |  4- 6 |  7- 9 | 10-12 | 13-15 || total
-------------------------+-------+-------+-------+-------+-------++-------
Melee: Hand axe          |    94 |   150 |   177 |       |       ||   421
       Bite              |     3 |    13 |    41 |    95 |    11 ||   163
       Punch             |       |     3 |    12 |     6 |       ||    21
       Whip              |       |       |   131 |   122 |       ||   253
       Halberd           |       |       |       |   602 |    64 ||   666
Throw: Dart              |       |       |       |    16 |       ||    16
Invok: Berserk           |     1 |     2 |     4 |    14 |     2 ||    23
Evoke: Wand              |       |       |       |    11 |       ||    11
  Use: Scroll            |       |       |     9 |     8 |       ||    17
       Potion            |       |       |       |     3 |       ||     3
 Stab: Sleeping          |     2 |     2 |     6 |    10 |     1 ||    21
       Distracted        |       |       |     1 |     3 |       ||     4
Armor: Animal skin       |    22 |    52 |       |       |       ||    74
       Leather armour    |       |    14 |   100 |    23 |       ||   137
       Acid dragon scale |       |       |       |    68 |       ||    68
       Troll leather arm |       |       |       |    40 |     8 ||    48
Dodge: Dodged            |    61 |   100 |   183 |   639 |    27 ||  1010

Levels and vault maps discovered:
D:1:      lightli_arrival_statue_moat, layout_rooms, serial_shops,
          nicolae_shop_waterfront, chequers_serial_rivers_small_a,
          minmay_gold_behind_fungi, minivault_26, minivault_27
D:2:      layout_basic, minmay_cut_off, uniq_robin
D:3:      layout_basic, minmay_checkerbox
D:4:      layout_loops_corners, elyvilon_altar_5,
          minmay_temple_entry_statues_pillars,
          nicolae_ossuary_entry_false_entrances, nicolae_zen_rock_garden,
          kennysheep_decorative_pillar
D:5:      layout_loops_cross, kennysheep_little_box,
          hangedman_decor_clover_reticule, water_maze_lemuel, uniq_duvessa,
          uniq_pikel, uniq_crazy_yiuf_cottage
D:6:      layout_loops_ring, grunt_gozag_statues
D:7:      layout_rooms, nicolae_hepliaklqana_ecumenical_no_more
D:8:      layout_loops_ring, jiyva_altar_1
D:9:      layout_gridville, okawaru_humans, amcnicky_altar_gilded,
          kennysheep_orc_monster_closet_entryway, serial_shops, kennysheep_mini,
          chequers_serial_rivers_micro_a
D:10:     erik_rubicon_b, layout_gridville, mainiacjoe_overflow_cross_hatched,
          fedhas_altar_4, kennysheep_mini_moat, david_lair_generic,
          enter_bailey_7, uniq_snorg
D:11:     layout_irregular_city
Lair:1:   layout_hall_layers, grunt_forest_stairs_basic, nicolae_lair_lil_pond,
          grunt_megastairs_3, lemuel_fruit_tree
Lair:2:   layout_gridlike

Notes
Turn   | Place    | Note
-------+----------+-------------------------------------------
     0 | D:1      | sanka the Gnoll Berserker began the quest for the Orb.
     0 | D:1      | Reached XP level 1. HP: 23/23 MP: 1/1
   237 | D:1      | Reached XP level 2. HP: 29/29 MP: 2/2
   316 | D:1      | Found Vosa's Armour Shoppe.
   537 | D:1      | Reached XP level 3. HP: 34/35 MP: 3/3
  1114 | D:2      | Reached skill level 1 in Invocations
  1158 | D:2      | Reached ** piety under Trog
  1212 | D:2      | Noticed Robin
  1219 | D:2      | Reached skill level 1 in Short Blades
  1219 | D:2      | Reached skill level 1 in Long Blades
  1219 | D:2      | Reached skill level 1 in Maces & Flails
  1219 | D:2      | Reached skill level 1 in Polearms
  1219 | D:2      | Reached skill level 1 in Staves
  1219 | D:2      | Reached skill level 1 in Slings
  1219 | D:2      | Reached skill level 1 in Bows
  1219 | D:2      | Reached skill level 1 in Crossbows
  1219 | D:2      | Reached skill level 1 in Throwing
  1219 | D:2      | Reached skill level 1 in Stealth
  1219 | D:2      | Reached skill level 1 in Shields
  1219 | D:2      | Reached skill level 1 in Unarmed Combat
  1219 | D:2      | Reached skill level 1 in Spellcasting
  1219 | D:2      | Reached skill level 1 in Evocations
  1224 | D:2      | Reached XP level 4. HP: 41/41 MP: 5/5
  1224 | D:2      | Killed Robin
  2003 | D:3      | Reached skill level 1 in Conjurations
  2003 | D:3      | Reached skill level 1 in Hexes
  2003 | D:3      | Reached skill level 1 in Summonings
  2003 | D:3      | Reached skill level 1 in Necromancy
  2003 | D:3      | Reached skill level 1 in Translocations
  2003 | D:3      | Reached skill level 1 in Transmutations
  2003 | D:3      | Reached skill level 1 in Fire Magic
  2003 | D:3      | Reached skill level 1 in Ice Magic
  2003 | D:3      | Reached skill level 1 in Air Magic
  2003 | D:3      | Reached skill level 1 in Earth Magic
  2003 | D:3      | Reached skill level 1 in Poison Magic
  2052 | D:3      | Noticed an ogre
  2069 | D:3      | Killed an ogre
  2070 | D:3      | Reached XP level 5. HP: 47/47 MP: 5/7
  2725 | D:3      | Reached XP level 6. HP: 53/53 MP: 8/8
  3040 | D:4      | Reached *** piety under Trog
  3041 | D:4      | Reached skill level 2 in Invocations
  3125 | D:4      | Found a sand-covered staircase.
  3129 | Ossuary  | Entered an ossuary
  3160 | Ossuary  | Reached skill level 2 in Short Blades
  3160 | Ossuary  | Reached skill level 2 in Long Blades
  3160 | Ossuary  | Reached skill level 2 in Maces & Flails
  3160 | Ossuary  | Reached skill level 2 in Polearms
  3160 | Ossuary  | Reached skill level 2 in Staves
  3160 | Ossuary  | Reached skill level 2 in Slings
  3160 | Ossuary  | Reached skill level 2 in Bows
  3160 | Ossuary  | Reached skill level 2 in Crossbows
  3160 | Ossuary  | Reached skill level 2 in Throwing
  3160 | Ossuary  | Reached skill level 5 in Armour
  3160 | Ossuary  | Reached skill level 5 in Dodging
  3160 | Ossuary  | Reached skill level 2 in Stealth
  3160 | Ossuary  | Reached skill level 2 in Shields
  3160 | Ossuary  | Reached skill level 2 in Unarmed Combat
  3160 | Ossuary  | Reached skill level 2 in Spellcasting
  3160 | Ossuary  | Reached skill level 2 in Evocations
  3169 | Ossuary  | Reached XP level 7. HP: 38/59 MP: 8/10
  3420 | Ossuary  | Reached skill level 7 in Fighting
  3420 | Ossuary  | Reached skill level 7 in Axes
  3449 | Ossuary  | Reached skill level 2 in Conjurations
  3449 | Ossuary  | Reached skill level 2 in Hexes
  3449 | Ossuary  | Reached skill level 2 in Summonings
  3449 | Ossuary  | Reached skill level 2 in Necromancy
  3449 | Ossuary  | Reached skill level 2 in Translocations
  3449 | Ossuary  | Reached skill level 2 in Transmutations
  3449 | Ossuary  | Reached skill level 2 in Fire Magic
  3449 | Ossuary  | Reached skill level 2 in Ice Magic
  3449 | Ossuary  | Reached skill level 2 in Air Magic
  3449 | Ossuary  | Reached skill level 2 in Earth Magic
  3449 | Ossuary  | Reached skill level 2 in Poison Magic
  3622 | Ossuary  | Reached skill level 3 in Invocations
  3791 | Ossuary  | Reached XP level 8. HP: 67/67 MP: 12/12
  3794 | Ossuary  | Reached skill level 3 in Short Blades
  3794 | Ossuary  | Reached skill level 3 in Long Blades
  3794 | Ossuary  | Reached skill level 3 in Maces & Flails
  3794 | Ossuary  | Reached skill level 3 in Polearms
  3794 | Ossuary  | Reached skill level 3 in Staves
  3794 | Ossuary  | Reached skill level 3 in Slings
  3794 | Ossuary  | Reached skill level 3 in Bows
  3794 | Ossuary  | Reached skill level 3 in Crossbows
  3794 | Ossuary  | Reached skill level 3 in Throwing
  3794 | Ossuary  | Reached skill level 3 in Stealth
  3794 | Ossuary  | Reached skill level 3 in Shields
  3794 | Ossuary  | Reached skill level 3 in Unarmed Combat
  3794 | Ossuary  | Reached skill level 3 in Spellcasting
  3794 | Ossuary  | Reached skill level 3 in Evocations
  4143 | D:4      | Found a white marble altar of Elyvilon.
  4506 | D:4      | Found a staircase to the Ecumenical Temple.
  4618 | D:4      | Identified the +9 whip of Otut {flame, rN+ SInv}
  5198 | D:5      | Entered Level 5 of the Dungeon
  5220 | D:5      | Noticed Pikel
  5247 | D:5      | Killed Pikel
  5248 | D:5      | Reached skill level 6 in Armour
  5248 | D:5      | Reached skill level 6 in Dodging
  5248 | D:5      | Reached skill level 3 in Conjurations
  5248 | D:5      | Reached skill level 3 in Hexes
  5248 | D:5      | Reached skill level 3 in Summonings
  5248 | D:5      | Reached skill level 3 in Necromancy
  5248 | D:5      | Reached skill level 3 in Translocations
  5248 | D:5      | Reached skill level 3 in Transmutations
  5248 | D:5      | Reached skill level 3 in Fire Magic
  5248 | D:5      | Reached skill level 3 in Ice Magic
  5248 | D:5      | Reached skill level 3 in Air Magic
  5248 | D:5      | Reached skill level 3 in Earth Magic
  5248 | D:5      | Reached skill level 3 in Poison Magic
  5248 | D:5      | Reached skill level 4 in Invocations
  5248 | D:5      | Reached XP level 9. HP: 73/73 MP: 14/14
  5388 | D:5      | Noticed Dowan
  5390 | D:5      | Noticed Duvessa
  5424 | D:5      | Killed Duvessa
  5425 | D:5      | Reached skill level 4 in Short Blades
  5425 | D:5      | Reached skill level 4 in Long Blades
  5425 | D:5      | Reached skill level 4 in Maces & Flails
  5425 | D:5      | Reached skill level 4 in Polearms
  5425 | D:5      | Reached skill level 4 in Staves
  5425 | D:5      | Reached skill level 4 in Slings
  5425 | D:5      | Reached skill level 4 in Bows
  5425 | D:5      | Reached skill level 4 in Crossbows
  5425 | D:5      | Reached skill level 4 in Throwing
  5425 | D:5      | Reached skill level 4 in Stealth
  5425 | D:5      | Reached skill level 4 in Shields
  5425 | D:5      | Reached skill level 4 in Unarmed Combat
  5425 | D:5      | Reached skill level 4 in Spellcasting
  5425 | D:5      | Reached skill level 4 in Evocations
  5438 | D:5      | Killed Dowan
  5438 | D:5      | Reached **** piety under Trog
  5623 | D:5      | Identified the ring of Rempank {Fire Dex+4}
  5695 | D:5      | Found a shadowy altar of Dithmenos.
  5945 | D:5      | Found a runed translucent door.
  5946 | D:5      | Noticed Crazy Yiuf
  6119 | D:5      | Killed Crazy Yiuf
  6632 | D:6      | Reached skill level 8 in Fighting
  6632 | D:6      | Reached skill level 8 in Axes
  6684 | D:6      | Found an opulent altar of Gozag.
  6977 | D:7      | Reached skill level 5 in Invocations
  7010 | D:7      | Noticed a two-headed ogre
  7017 | D:7      | Killed a two-headed ogre
  7018 | D:7      | Reached skill level 4 in Conjurations
  7018 | D:7      | Reached skill level 4 in Hexes
  7018 | D:7      | Reached skill level 4 in Summonings
  7018 | D:7      | Reached skill level 4 in Necromancy
  7018 | D:7      | Reached skill level 4 in Translocations
  7018 | D:7      | Reached skill level 4 in Transmutations
  7018 | D:7      | Reached skill level 4 in Fire Magic
  7018 | D:7      | Reached skill level 4 in Ice Magic
  7018 | D:7      | Reached skill level 4 in Air Magic
  7018 | D:7      | Reached skill level 4 in Earth Magic
  7018 | D:7      | Reached skill level 4 in Poison Magic
  7018 | D:7      | Reached XP level 10. HP: 80/80 MP: 15/17
  7148 | D:7      | Reached skill level 5 in Short Blades
  7148 | D:7      | Reached skill level 5 in Long Blades
  7148 | D:7      | Reached skill level 5 in Maces & Flails
  7148 | D:7      | Reached skill level 5 in Polearms
  7148 | D:7      | Reached skill level 5 in Staves
  7148 | D:7      | Reached skill level 5 in Slings
  7148 | D:7      | Reached skill level 5 in Bows
  7148 | D:7      | Reached skill level 5 in Crossbows
  7148 | D:7      | Reached skill level 5 in Throwing
  7148 | D:7      | Reached skill level 5 in Stealth
  7148 | D:7      | Reached skill level 5 in Shields
  7148 | D:7      | Reached skill level 5 in Unarmed Combat
  7148 | D:7      | Reached skill level 5 in Spellcasting
  7148 | D:7      | Reached skill level 5 in Evocations
  7269 | D:7      | Found a faded altar of an unknown god.
  7269 | D:7      | Found a faded altar of an unknown god.
  7273 | D:7      | Found a hazy altar of Hepliaklqana.
  7515 | D:8      | Found a viscous altar of Jiyva.
  7770 | D:8      | Reached skill level 7 in Armour
  7770 | D:8      | Reached skill level 7 in Dodging
  7885 | D:8      | Identified +0 acid dragon scales
  8613 | D:8      | Reached ***** piety under Trog
  8946 | D:8      | Reached skill level 6 in Invocations
  9144 | D:9      | Noticed a two-headed ogre
  9157 | D:9      | Killed a two-headed ogre
  9287 | D:9      | Found an iron altar of Okawaru.
  9417 | D:9      | Found Tylasa Ygro's Distillery.
  9420 | D:9      | Bought a potion of heal wounds for 60 gold pieces
  9420 | D:9      | Bought a potion of curing for 36 gold pieces
  9534 | D:9      | Reached XP level 11. HP: 87/87 MP: 19/19
  9542 | D:9      | Noticed a centaur warrior
  9551 | D:9      | Killed a centaur warrior
  9552 | D:9      | Reached skill level 9 in Fighting
  9552 | D:9      | Reached skill level 6 in Short Blades
  9552 | D:9      | Reached skill level 6 in Long Blades
  9552 | D:9      | Reached skill level 9 in Axes
  9552 | D:9      | Reached skill level 6 in Maces & Flails
  9552 | D:9      | Reached skill level 6 in Polearms
  9552 | D:9      | Reached skill level 6 in Staves
  9552 | D:9      | Reached skill level 6 in Slings
  9552 | D:9      | Reached skill level 6 in Bows
  9552 | D:9      | Reached skill level 6 in Crossbows
  9552 | D:9      | Reached skill level 6 in Throwing
  9552 | D:9      | Reached skill level 6 in Stealth
  9552 | D:9      | Reached skill level 6 in Shields
  9552 | D:9      | Reached skill level 6 in Unarmed Combat
  9552 | D:9      | Reached skill level 6 in Spellcasting
  9552 | D:9      | Reached skill level 6 in Evocations
  9561 | D:9      | Reached skill level 5 in Conjurations
  9561 | D:9      | Reached skill level 5 in Hexes
  9561 | D:9      | Reached skill level 5 in Summonings
  9561 | D:9      | Reached skill level 5 in Necromancy
  9561 | D:9      | Reached skill level 5 in Translocations
  9561 | D:9      | Reached skill level 5 in Transmutations
  9561 | D:9      | Reached skill level 5 in Fire Magic
  9561 | D:9      | Reached skill level 5 in Ice Magic
  9561 | D:9      | Reached skill level 5 in Air Magic
  9561 | D:9      | Reached skill level 5 in Earth Magic
  9561 | D:9      | Reached skill level 5 in Poison Magic
  9766 | D:9      | Found a glowing golden altar of the Shining One.
  9969 | D:9      | Found a staircase to the Orcish Mines.
 10842 | D:9      | Bought 2 potions of heal wounds for 120 gold pieces
 10842 | D:9      | Bought a potion of might for 48 gold pieces
 10842 | D:9      | Bought a potion of invisibility for 96 gold pieces
 10885 | D:10     | Entered Level 10 of the Dungeon
 10990 | D:10     | HP: 12/133 [yak (8)]
 10994 | D:10     | Reached skill level 7 in Invocations
 11035 | D:10     | Found a broken altar of Ashenzari.
 11040 | D:10     | Found a staircase to the Lair.
 11089 | D:10     | Noticed a two-headed ogre
 11118 | D:10     | Noticed Snorg
 11123 | D:10     | Killed a two-headed ogre
 11124 | D:10     | Reached skill level 8 in Armour
 11124 | D:10     | Reached skill level 8 in Dodging
 11148 | D:10     | Found an ancient bone altar of Kikubaaqudgha.
 11156 | D:10     | Found a flagged portal.
 11170 | Bailey   | Entered a bailey
 11442 | Bailey   | Noticed an orc warlord
 11678 | Bailey   | Found a runed translucent gate.
 11678 | Bailey   | Found a runed translucent gate.
 11700 | Bailey   | Found a runed translucent gate.
 11707 | Bailey   | Noticed an orc knight
 11737 | Bailey   | Killed an orc knight
 11854 | Bailey   | Received a gift from Trog
 11976 | Bailey   | Killed an orc warlord
 12413 | D:10     | Reached XP level 12. HP: 96/96 MP: 22/22
 12656 | D:10     | Killed Snorg
 12808 | D:10     | Reached skill level 7 in Short Blades
 12808 | D:10     | Reached skill level 7 in Long Blades
 12808 | D:10     | Reached skill level 7 in Maces & Flails
 12808 | D:10     | Reached skill level 7 in Polearms
 12808 | D:10     | Reached skill level 7 in Staves
 12808 | D:10     | Reached skill level 7 in Slings
 12808 | D:10     | Reached skill level 7 in Bows
 12808 | D:10     | Reached skill level 7 in Crossbows
 12808 | D:10     | Reached skill level 7 in Throwing
 12808 | D:10     | Reached skill level 7 in Stealth
 12808 | D:10     | Reached skill level 7 in Shields
 12808 | D:10     | Reached skill level 7 in Unarmed Combat
 12808 | D:10     | Reached skill level 7 in Spellcasting
 12808 | D:10     | Reached skill level 7 in Evocations
 13084 | D:10     | Found a blossoming altar of Fedhas.
 13625 | D:11     | Reached skill level 6 in Conjurations
 13625 | D:11     | Reached skill level 6 in Hexes
 13625 | D:11     | Reached skill level 6 in Summonings
 13625 | D:11     | Reached skill level 6 in Necromancy
 13625 | D:11     | Reached skill level 6 in Translocations
 13625 | D:11     | Reached skill level 6 in Transmutations
 13625 | D:11     | Reached skill level 6 in Fire Magic
 13625 | D:11     | Reached skill level 6 in Ice Magic
 13625 | D:11     | Reached skill level 6 in Air Magic
 13625 | D:11     | Reached skill level 6 in Earth Magic
 13625 | D:11     | Reached skill level 6 in Poison Magic
 13639 | D:11     | Noticed a two-headed ogre
 13655 | D:11     | Killed a two-headed ogre
 13656 | D:11     | Reached skill level 8 in Invocations
 13677 | D:11     | Noticed a two-headed ogre
 13694 | D:11     | Killed a two-headed ogre
 14293 | Lair:1   | Entered Level 1 of the Lair of Beasts
 14303 | Lair:1   | Reached skill level 10 in Fighting
 14303 | Lair:1   | Reached skill level 10 in Axes
 14627 | Lair:1   | Reached skill level 9 in Armour
 14627 | Lair:1   | Reached skill level 9 in Dodging
 14996 | Lair:1   | Noticed a boulder beetle
 15010 | Lair:1   | Killed a boulder beetle
 15346 | Lair:2   | Reached XP level 13. HP: 103/103 MP: 24/24
 15637 | Lair:2   | Reached skill level 8 in Short Blades
 15637 | Lair:2   | Reached skill level 8 in Long Blades
 15637 | Lair:2   | Reached skill level 8 in Maces & Flails
 15637 | Lair:2   | Reached skill level 8 in Polearms
 15637 | Lair:2   | Reached skill level 8 in Staves
 15637 | Lair:2   | Reached skill level 8 in Slings
 15637 | Lair:2   | Reached skill level 8 in Bows
 15637 | Lair:2   | Reached skill level 8 in Crossbows
 15637 | Lair:2   | Reached skill level 8 in Throwing
 15637 | Lair:2   | Reached skill level 8 in Stealth
 15637 | Lair:2   | Reached skill level 8 in Shields
 15637 | Lair:2   | Reached skill level 8 in Unarmed Combat
 15637 | Lair:2   | Reached skill level 8 in Spellcasting
 15637 | Lair:2   | Reached skill level 8 in Evocations
 15668 | Lair:2   | Mangled by a death yak

Vanquished Creatures
  An orc warlord (Bailey)
  Snorg (D:10)
  A boulder beetle (Lair:1)
  A centaur warrior (D:9)
  4 death yaks (Lair:2)
  5 two-headed ogres
  An orc knight (Bailey)
  Pikel (D:5)
  A manticore (D:11)
  An elephant (D:10)
  4 cane toads
  An unseen horror (D:11)
  A rime drake (Lair:1)
  3 komodo dragons
  2 trolls
  4 blink frogs (Lair:1)
  A shadow (D:10)
  A vampire (D:11)
  A wraith (D:7)
  3 wyverns
  2 humans (D:9)
  29 yaks
  3 steam dragons
  4 basilisks
  2 acid dragons
  Duvessa (D:5)
  2 water moccasins
  9 orc warriors
  3 ice beasts
  A sky beast (D:7)
  A black bear (D:6)
  4 ogres
  4 wolves (Lair:1)
  2 lemures (D:5)
  3 kobold brigands
  8 bullfrogs
  2 gnoll sergeants (D:9)
  2 necrophages
  12 scorpions
  8 wights
  Dowan (D:5)
  4 killer bees (D:8)
  A howler monkey (D:9)
  5 electric eels (D:10)
  A centaur zombie (Ossuary)
  3 hounds
  4 jellies (D:8)
  Crazy Yiuf (D:5)
  2 gnoll shamans
  4 human zombies (Ossuary)
  4 orc priests
  4 iguanas
  5 orc wizards
  2 scorpion zombies (Ossuary)
  3 mummies (Ossuary)
  Robin (D:2)
  18 gnolls
  9 adders
  A white imp (D:7)
  An ufetubus (D:4)
  A worm (D:4)
  6 dart slugs
  13 orcs
  5 ball pythons
  9 endoplasms
  5 giant cockroaches
  2 gnoll zombies (Ossuary)
  22 goblins
  12 hobgoblins
  5 jackals
  16 kobolds
  3 quokkas
  10 bats
  2 frilled lizards
  3 goblin zombies (Ossuary)
  2 hobgoblin zombies (Ossuary)
  2 kobold zombies (Ossuary)
  2 orc zombies (Ossuary)
  7 rats
341 creatures vanquished.

Vanquished Creatures (others)
  3 fungi
  4 plants
  3 toadstools (D:1)
10 creatures vanquished.

Grand Total: 351 creatures vanquished
